 Dungeon Crawl Stone Soup version 0.31-a0-216-g22e908daa7 (webtiles) character file.

Game seed: 8286051085470753955

819 qw the Chopper (level 7, -1/43 HPs)
             Began as a Gargoyle Fighter on July 2, 2023.
             Slain by a gnoll
             ... wielding a +0 halberd
             ... led by a gnoll sergeant
              (8 damage)
             ... on level 5 of the Dungeon.
             The game lasted 00:01:37 (3934 turns).

qw the Chopper (Gargoyle Fighter)                   Turns: 3934, Time: 00:01:38

Health: -1/43      AC: 13    Str: 21    XL:     7   Next: 95%
Magic:  7/7        EV:  7    Int:  9    God:
Gold:   269        SH:  4    Dex:  9    Spells: 6/6 levels left

rFire   . . .        Y - +1 war axe
rCold   + . .        c - +0 buckler
rNeg    + . .        e - +0 chain mail
rPois   inf          (no helmet)
rElec   +            (no cloak)
rCorr   .            (no gloves)
SInv    .            (no boots)
Will    +....        (no amulet) Stlth
                     l - ring of willpower
HPRegen 0.27/turn    a - ring of protection from cold
MPRegen 0.10/turn

%: no passive effects
@: no status effects
A: sickness immunity, AC +4, negative energy resistance 1, electricity
resistance, torment resistance 1, petrification resistance
a: no special abilities


You were on level 5 of the Dungeon.
You visited 1 branch of the dungeon, and saw 5 of its levels.

You collected 269 gold pieces.


Innate Abilities, Weirdness & Mutations

You are immune to sickness and miasma.
Your stone body is resilient. (AC +4)
You are immune to poison.
You resist negative energy. (rN+)
You are resistant to electric shocks. (rElec)
You are resistant to unholy torment.
You are immune to petrification.


   Skills:
 - Level 4.2 Fighting
 - Level 6.0 Axes
 - Level 4.5 Throwing
 - Level 3.2 Armour
 + Level 0.2 Dodging
 - Level 3.2 Shields


You had 6 spell levels left.
You didn't know any spells.
Your spell library was empty.

Inventory:

Hand Weapons
 p - a +0 mace
 Y - a +1 war axe (weapon)
Missiles
 f - 2 boomerangs
Armour
 b - a scarf of repulsion
 c - a +0 buckler (worn)
 e - a +0 chain mail (worn)
Jewellery
 a - a ring of protection from cold (right hand)
 h - an amulet of the acrobat
 l - a ring of willpower (left hand)
 q - an amulet of faith
Scrolls
 i - a scroll of identify
 r - a scroll of teleportation
Potions
 d - 2 potions of might
 g - a potion of cancellation
 j - a potion of enlightenment {unknown}
 k - a potion of heal wounds
 m - 2 potions of curing
 n - a potion of lignification {unknown}

Dungeon Overview and Level Annotations

Branches:
Dungeon (5/15)
 Temple: D:4-7

Altars:
Hepliaklqana
Kikubaaqudgha
Makhleb
Ru
Vehumet
Zin
The Shining One


Message History

The gnoll sergeant hits you from afar with a +0 spear.
You hit the gnoll.
The gnoll is severely wounded.
The gnoll hits you but does no damage.
The gnoll sergeant hits you but does no damage.
You hit the gnoll.
The gnoll is severely wounded.
The gnoll hits you but does no damage.
The gnoll sergeant hits you from afar with a +0 spear.
You hit the gnoll.
You kill the gnoll!
The gnoll hits you from afar with a +0 halberd.
You block the gnoll sergeant's attack. The gnoll hits you but does no damage.
The gnoll sergeant hits you but does no damage.
You block the gnoll sergeant's attack. The gnoll hits you with a +0 halberd.
Items here: %% ))).
Enter note:
Enter note:
Enter note:
Enter note: You hit the gnoll sergeant but do no damage.
You hit the gnoll but do no damage.
The gnoll sergeant hits you with a +0 spear.
The gnoll hits you with a +0 halberd!
You hit the gnoll sergeant.
The gnoll sergeant is lightly wounded.
You hit the gnoll.
The gnoll sergeant hits you but does no damage.
The gnoll barely misses you.
You hit the gnoll.
The gnoll is severely wounded.
You hit the gnoll sergeant but do no damage.
The gnoll sergeant hits you but does no damage.
The gnoll hits you with a +0 halberd!
You barely miss the gnoll.
The gnoll is severely wounded.
You hit the gnoll sergeant but do no damage.
The gnoll hits you with a +0 halberd. You block the gnoll sergeant's attack.
The gnoll hits you with a +0 halberd!
You die...

#.#...## #.# #.# ####.##
#.#.#..###.# #.# #.[..#
#.#.##.....#######.####.####
......###.......(.....#.#
#.#...
#...####........#########
#.####
###.####................. #
8.8#.>g.....###########
......#gg.............#
.#8.8###@#........####.##
####.## #.########.####...
#.# #.# #........ #.# #...#
########. ##.## ##8## #. ..
8...8##. #.# .....##. .#>
....._#. ###. .....##.


You could see a gnoll sergeant and 2 gnolls.

Vanquished Creatures
  Pikel (D:4)
  An ogre (D:5)
  A scorpion (D:4)
  A howler monkey (D:5)
  A hound (D:4)
  Jessica (D:2)
  An iguana (D:4)
  A gnoll (D:5)
  6 adders
  2 ufetubi (D:4)
  2 worms (D:3)
  A dart slug (D:3)
  9 orcs
  4 bats
  5 endoplasms
  A giant cockroach (D:3)
  6 hobgoblins
  4 jackals (D:2)
  A quokka (D:1)
  6 ball pythons
  5 frilled lizards
  9 goblins
  A kobold (D:4)
  3 rats
73 creatures vanquished.

Notes
Turn   | Place    | Note
-------+----------+-------------------------------------------
     0 | D:1      | qw the Gargoyle Fighter began the quest for the Orb.
     0 | D:1      | Reached XP level 1. HP: 14/14 MP: 1/1
     0 | D:1      | 0 ||| qw: Version: 0.3-a-35-g05ef00e
     0 | D:1      | 0 ||| qw: Game counter: 7831
     0 | D:1      | 0 ||| qw: Melee chars always use a shield: true
     0 | D:1      | 0 ||| qw: God list: Okawaru
     0 | D:1      | 0 ||| qw: Allow faded altars: false
     0 | D:1      | 0 ||| qw: Do Orc after clearing Dungeon:15 true
     0 | D:1      | 0 ||| qw: Do second Lair branch before Depths: true
     0 | D:1      | 0 ||| qw: Lair rune preference: random
     0 | D:1      | 0 ||| qw: Goals: Normal, Zot:1-4, Slime:5, God:TSO, Crypt,
                  | Tomb, Abyss, Pan, Hells, Win
     0 | D:1      | 0 ||| PLANNING D:1-11
    74 | D:1      | HP: 3/14 [goblin/+0 club (3)]
    76 | D:1      | Reached skill level 2 in Axes
   568 | D:1      | Reached XP level 2. HP: 19/19 MP: 2/2
   576 | D:1      | 576 ||| DROPPING +0 club.
   774 | D:1      | 774 ||| DROPPING +0 whip.
  1006 | D:1      | 1006 ||| UPGRADING to +0 chain mail.
  1016 | D:1      | 1016 ||| DROPPING +0 scale mail.
  1017 | D:1      | 1017 ||| UPGRADING to ring of willpower.
  1018 | D:1      | 1018 ||| READING scroll labelled XUIRHI DUE.
  1023 | D:1      | 1023 ||| READING scroll labelled HYEMOCYFOSS.
  1024 | D:1      | 1024 ||| READING scroll labelled KARHOT HOMETA.
  1025 | D:1      | 1025 ||| DRINKING 2 silvery potions.
  1030 | D:1      | 1030 ||| DROPPING potion of ambrosia.
  1045 | D:2      | Reached skill level 3 in Axes
  1045 | D:2      | 1045 ||| STAIRDANCE
  1080 | D:2      | Reached XP level 3. HP: 23/23 MP: 3/3
  1219 | D:2      | Noticed Jessica
  1220 | D:2      | 1220 ||| Stepping ~*~*~tactically~*~*~ (hiding).
  1222 | D:2      | 1222 ||| Stepping ~*~*~tactically~*~*~ (hiding).
  1223 | D:2      | 1223 ||| Stepping ~*~*~tactically~*~*~ (hiding).
  1224 | D:2      | 1224 ||| Stepping ~*~*~tactically~*~*~ (hiding).
  1225 | D:2      | 1225 ||| Stepping ~*~*~tactically~*~*~ (hiding).
  1228 | D:2      | Killed Jessica
  1229 | D:2      | Reached XP level 4. HP: 28/28 MP: 4/4
  1393 | D:2      | Reached skill level 4 in Axes
  1395 | D:2      | Found a glowing silver altar of Zin.
  1670 | D:2      | 1670 ||| UPGRADING to ring of protection from cold.
  1671 | D:2      | 1671 ||| READING scroll labelled AVIG BUKKY.
  1778 | D:2      | 1778 ||| Stepping ~*~*~tactically~*~*~ (stealth).
  2054 | D:2      | 2054 ||| READING 3 scrolls labelled UTIFUDO VETEEN.
  2055 | D:2      | 2055 ||| READING scroll labelled QAGYON EKYXYGE.
  2056 | D:2      | 2056 ||| READING scroll labelled GEIMUQ HUSAQEI.
  2057 | D:2      | 2057 ||| DRINKING 2 inky potions.
  2058 | D:2      | 2058 ||| READING 2 scrolls of identify.
  2058 | D:2      | 2058 ||| IDENTIFYING green potion
  2119 | D:3      | Found a faded altar of an unknown god.
  2119 | D:3      | Found a faded altar of an unknown god.
  2128 | D:3      | Found a hazy altar of Hepliaklqana.
  2154 | D:3      | Found a glowing golden altar of the Shining One.
  2188 | D:3      | 2188 ||| Stepping ~*~*~tactically~*~*~ (stealth).
  2189 | D:3      | 2189 ||| Stepping ~*~*~tactically~*~*~ (stealth).
  2532 | D:3      | Reached XP level 5. HP: 32/32 MP: 5/5
  2627 | D:3      | Found a faded altar of an unknown god.
  2686 | D:3      | 2686 ||| DROPPING amulet of magic regeneration.
  2687 | D:3      | 2687 ||| DROPPING +6 ring of intelligence.
  2688 | D:3      | 2688 ||| READING scroll labelled BUCKEUKUKH.
  2735 | D:4      | Found a radiant altar of Vehumet.
  2764 | D:4      | Reached skill level 5 in Axes
  2825 | D:4      | Found a sacrificial altar of Ru.
  2919 | D:4      | Reached XP level 6. HP: 30/38 MP: 6/6
  3076 | D:4      | Noticed Pikel
  3084 | D:4      | HP: 8/38 [lemure[Pikel] (3)]
  3085 | D:4      | 3085 ||| READING scroll of teleportation.
  3086 | D:4      | 3086 ||| DRINKING 2 potions of heal wounds.
  3102 | D:4      | 3102 ||| Stepping ~*~*~tactically~*~*~ (stealth).
  3105 | D:4      | 3105 ||| Stepping ~*~*~tactically~*~*~ (stealth).
  3117 | D:4      | Killed Pikel
  3118 | D:4      | Reached XP level 7. HP: 19/43 MP: 7/7
  3151 | D:4      | 3151 ||| FLEEEEING.
  3152 | D:4      | 3152 ||| FLEEEEING.
  3153 | D:4      | 3153 ||| FLEEEEING.
  3155 | D:4      | 3155 ||| FLEEEEING.
  3156 | D:4      | 3156 ||| FLEEEEING.
  3158 | D:4      | 3158 ||| FLEEEEING.
  3159 | D:4      | 3159 ||| FLEEEEING.
  3160 | D:4      | 3160 ||| FLEEEEING.
  3161 | D:4      | 3161 ||| FLEEEEING.
  3162 | D:4      | 3162 ||| FLEEEEING.
  3163 | D:4      | 3163 ||| FLEEEEING.
  3164 | D:4      | 3164 ||| FLEEEEING.
  3165 | D:4      | 3165 ||| FLEEEEING.
  3167 | D:4      | 3167 ||| FLEEEEING.
  3168 | D:4      | 3168 ||| FLEEEEING.
  3172 | D:4      | 3172 ||| FLEEEEING.
  3173 | D:4      | 3173 ||| STAIRDANCE
  3203 | D:3      | 3203 ||| READING scroll labelled OSETUQ HIATOLUCEI.
  3237 | D:3      | 3237 ||| READING 2 scrolls of identify.
  3237 | D:3      | 3237 ||| IDENTIFYING metallic clear potion
  3369 | D:4      | 3369 ||| Stepping ~*~*~tactically~*~*~ (stealth).
  3458 | D:5      | Entered Level 5 of the Dungeon
  3481 | D:5      | Found a burning altar of Makhleb.
  3792 | D:5      | Found an ancient bone altar of Kikubaaqudgha.
  3926 | D:5      | Reached skill level 6 in Axes
  3934 | D:5      | HP: 7/43 [gnoll/+0 halberd[a gnoll sergeant] (6)]
  3934 | D:5      | Slain by a gnoll

Levels and vault maps discovered:
D:1:      wander_arrival_estate, layout_loops_corners
D:2:      layout_basic, basic_altar, wad_orctagon, uniq_jessica
D:3:      layout_loops_ring, nicolae_hepliaklqana_ecumenical_no_more, tso_altar,
          chequers_ecumenical_altar_lobes
D:4:      layout_rooms, mainiacjoe_overflow_paths,
          nicolae_ru_sacrificial_ziggurat, glass_columns_b, uniq_pikel
D:5:      layout_basic, mainiacjoe_overflow_cross_hatched,
          nicolae_overflow_hidden_temple, small_statue_intersection

Skill      XL: |  1  2  3  4  5  6  7 |
---------------+----------------------+-----
Axes           | 2 3 4 5 6 |  6.0
Fighting       | 4 |  4.2
Throwing       | 4 |  4.5
Armour         | |  3.2
Dodging        | |  0.2
Shields        | |  3.2

Action                     |  1- 3 |  4- 6 |  7- 9 || total
---------------------------+-------+-------+-------++-------
  Melee: War axe           |    49 |   124 |    18 ||   191
  Throw: Boomerang         |    26 |    72 |       ||    98
         Javelin           |       |     6 |     8 ||    14
    Use: Scroll            |     3 |     7 |     2 ||    12
         Potion            |     1 |     2 |       ||     3
 Armour: Scale mail        |    12 |       |       ||    12
         Chain mail        |    20 |    90 |    13 ||   123
  Dodge: Dodged            |    17 |    57 |     2 ||    76
  Block: Buckler           |     6 |    26 |     8 ||    40

Table legend:
 A = Non-vault XP
 B = Vault XP
 C = Vault XP percentage of total XP
 D = Non-vault monster count
 E = Vault monster count
 F = Vault count percentage of total count
                 A         B        C        D         E       F
            +---------+---------+-------+---------+---------+-------
      Total |     550 |     620 |  53.0 |      67 |       6 |   8.2
            +---------+---------+-------+---------+---------+-------
        D:1 |      19 |       0 |   0.0 |      12 |       0 |   0.0
        D:2 |      59 |      49 |  45.4 |      14 |       5 |  26.3
        D:3 |      40 |       0 |   0.0 |      19 |       0 |   0.0
        D:4 |     218 |     571 |  72.4 |      16 |       1 |   5.9
        D:5 |     214 |       0 |   0.0 |       6 |       0 |   0.0
            +---------+---------+-------+---------+---------+-------
